Map: Eternal Empire LE

Players

Livibee - Winner!

  • Race: Terran Terran
  • League: Grandmaster
  • Spawn Location: 7:00

Gleen

  • Race: Terran Terran
  • League: Master
  • Spawn Location: 1:00

VOD

Have the link to the VOD?

Description

Time

  • Played on: April 3, 2020, 1:51 a.m.
  • Length: 13:49
Show
View Real Time Build Order
Export as new Build Order

Livibee Terran - Winner!

Build Orders:  

Get SALT Encoding   

  12  0:01  SCV  
  13  0:13  SCV  
  14  0:19  Supply Depot  
  14  0:25  SCV  
  15  0:37  Refinery  
  15  0:41  SCV  
  16  0:46  Barracks  
  16  0:53  SCV  
  16  0:55  Refinery  
  17  1:05  SCV  
  18  1:17  SCV  
  19  1:33  Orbital Command, Reaper  
  20  1:40  Factory  
  20  1:47  Supply Depot  
  20  1:59  SCV  
  21  2:05  Barracks Reactor  
  21  2:12  SCV  
  22  2:24  SCV  
  22  2:29  Command Center  
  22  2:32  Hellion  
  24  2:37  SCV  
  24  2:43  Supply Depot, Reaper x2  
  27  2:49  SCV  
  28  2:54  Hellion  
  30  3:01  SCV  
  30  3:04  Starport  
  31  3:13  SCV  
  31  3:15  Hellion, Reaper x2  
  36  3:25  SCV  
  37  3:36  Factory Tech Lab  
  37  3:37  SCV  
  37  3:41  Orbital Command  
  38  3:47  Marine x2  
  40  3:48  Viking  
  40  3:51  Refinery  
  42  3:56  SCV  
  43  4:03  Cyclone  
  43  4:05  Marine x2  
  43  4:09  Orbital Command  
  48  4:13  Supply Depot  
  48  4:18  SCV  
  48  4:23  Marine x2  
  49  4:30  SCV  
  48  4:36  Starport Tech Lab  
  47  4:39  SCV  
  47  4:40  Marine x2  
  47  4:55  SCV  
  47  4:56  SCV  
  47  4:58  Marine, Command Center  
  50  5:00  Raven  
  50  5:06  Siege Tank  
  53  5:07  SCV  
  53  5:11  SCV  
  55  5:19  SCV, Supply Depot  
  56  5:23  SCV  
  56  5:27  Marine x2  
  59  5:31  SCV  
  60  5:36  SCV, Supply Depot  
  60  5:41  Siege Tank  
  64  5:43  Raven, SCV  
  64  5:44  Refinery  
  64  5:45  Supply Depot  
  64  5:48  SCV  
  68  5:54  Marine  
  68  5:55  Marine  
  70  5:57  Barracks  
  70  5:58  SCV, Barracks  
  70  6:00  SCV  
  72  6:08  Supply Depot  
  72  6:10  SCV  
  73  6:12  SCV, Marine, Orbital Command  
  75  6:22  SCV  
  75  6:24  SCV  
  75  6:34  SCV  
  75  6:36  SCV  
  75  6:37  Supply Depot  
  75  6:39  SCV, Engineering Bay, Siege Tank  
  81  6:40  Engineering Bay  
  81  6:46  SCV  
  81  6:47  Barracks Tech Lab  
  82  6:48  SCV  
  82  6:50  Starport Reactor  
  82  6:51  SCV  
  84  6:57  Stimpack  
  84  6:58  Marine  
  84  6:59  Marine x2, Orbital Command  
  84  7:00  Barracks  
  87  7:02  Barracks  
  87  7:05  SCV  
  87  7:07  SCV  
  89  7:13  Terran Infantry Weapons Level 1  
  89  7:14  Terran Infantry Armor Level 1  
  89  7:15  Marine  
  90  7:16  Marine  
  90  7:17  Marine, SCV, Refinery  
  90  7:19  SCV  
  90  7:21  Refinery  
  94  7:25  SCV  
  95  7:33  Marine x3, Combat Shield, Siege Tank  
  95  7:34  Marine  
  95  7:36  Medivac x2  
  106  7:37  Armory  
  106  7:38  SCV  
  106  7:43  SCV x2  
  109  7:49  Factory, Barracks Reactor  
  109  7:51  Marine x2, SCV, Barracks Reactor  
  110  7:54  Marine x2  
  110  7:55  SCV  
  115  7:59  SCV  
  115  8:04  SCV  
  117  8:21  Marine x4, Medivac x2  
  117  8:23  Supply Depot x2  
  117  8:26  Supply Depot  
  125  8:35  Terran Vehicle Weapons Level 1  
  125  8:36  Supply Depot x2  
  125  8:44  Marine x6, SCV x2  
  125  8:45  Marine x2, Siege Tank  
  130  9:02  Marine x4  
  105  9:11  Marine  
  105  9:14  Marine x3  
  105  9:15  SCV x2  
  105  9:16  SCV  
  105  9:17  Siege Tank  
  105  9:18  Factory Tech Lab  
  105  9:20  Marine x2, Supply Depot, Terran Infantry Weapons Level 2, Terran Infantry Armor Level 2  
  105  9:21  Supply Depot  
  108  9:27  Command Center  
  108  9:30  Marine x2  
  110  9:32  Marine x2  
  112  9:43  Marine, Siege Tank  
  112  9:44  Marine x3  
  112  9:45  SCV x3  
  121  9:48  Marine x2, Supply Depot  
  121  9:49  Siege Tank  
  127  9:54  Medivac x2  
  127  9:56  Marine  
  127  9:57  SCV  
  127  9:58  Marine  
  134  10:08  Marine x4  
  134  10:10  Marine  
  134  10:11  Marine  
  140  10:16  Siege Tank  
  140  10:19  Marine  
  141  10:21  Siege Tank  
  141  10:24  Medivac x2, Supply Depot  
  129  10:38  Marine x5  
  129  10:39  Marine x2  
  135  10:43  Marine  
  135  10:48  Siege Tank  
  139  10:53  Medivac, Siege Tank  
  139  10:54  Medivac  
  139  10:56  Marine x5  
  139  10:57  Marine x2, Planetary Fortress  
  153  11:07  Marine  
  154  11:12  Command Center  
  154  11:14  Marine x6  
  154  11:15  Marine  
  161  11:20  Siege Tank  
  161  11:22  Terran Vehicle Weapons Level 2  
  161  11:25  Marine, Siege Tank  
  165  11:31  Marine  
  165  11:32  Marine x6  
  171  11:42  Marine  
  171  11:47  Medivac  
  171  11:48  Medivac  
  171  11:49  Marine x3  
  171  11:50  Marine x4  
  171  11:52  Siege Tank  
  184  12:00  Marine  
  185  12:07  Marine x4  
  185  12:08  Marine x3  
  192  12:18  Marine  
  192  12:21  Siege Tank  
  196  12:25  Marine x4  
  200  12:40  Command Center  
  200  12:41  Planetary Fortress  
  200  12:42  Unknown  
  197  12:51  Siege Tank  
  200  13:05  Command Center  
  200  13:07  Refinery, Command Center  
  200  13:14  Starport  
  200  13:15  Starport, Fusion Core  
  200  13:17  Refinery  
  200  13:30  Marine  
Show
View Real Time Build Order
Export as new Build Order

Gleen Terran 

Build Orders: Reaper Expand 

Get SALT Encoding   

  12  0:01  SCV  
  13  0:13  SCV  
  14  0:17  Supply Depot  
  14  0:25  SCV  
  15  0:38  SCV  
  15  0:40  Barracks  
  16  0:44  Refinery  
  16  0:50  SCV  
  17  1:03  SCV  
  18  1:15  SCV  
  19  1:27  Orbital Command, Reaper  
  20  1:45  Command Center  
  20  1:54  SCV  
  20  1:55  Supply Depot  
  20  2:00  Reaper  
  22  2:03  Refinery  
  22  2:08  SCV  
  23  2:20  SCV  
  24  2:32  Factory  
  24  2:35  Barracks Reactor  
  24  2:40  SCV  
  25  2:57  Orbital Command  
  25  2:59  SCV  
  26  3:11  Marine x2, SCV  
  29  3:15  Factory Tech Lab  
  29  3:16  Starport  
  29  3:21  Orbital Command  
  29  3:29  SCV, Marine x2  
  29  3:33  Cyclone  
  35  3:38  Refinery  
  35  3:46  SCV x2  
  37  3:49  Marine x2  
  37  3:52  Viking  
  41  3:58  SCV  
  41  4:01  SCV  
  43  4:07  Siege Tank  
  46  4:14  Supply Depot  
  46  4:17  Supply Depot  
  46  4:22  Marine, SCV x2  
  46  4:23  Marine  
  39  4:39  Siege Tank  
  39  4:40  Marine  
  39  4:41  Marine  
  43  4:51  SCV x2  
  43  4:56  Starport Reactor  
  43  5:00  Command Center  
  43  5:03  SCV x2  
  45  5:08  Marine  
  45  5:09  Marine  
  47  5:15  SCV  
  47  5:20  SCV, Siege Tank  
  52  5:24  Supply Depot  
  52  5:27  SCV  
  53  5:32  SCV, Viking  
  56  5:36  Viking  
  56  5:39  SCV  
  56  5:41  Marine x2  
  61  5:45  SCV  
  62  5:52  Siege Tank  
  62  5:54  SCV  
  67  5:57  SCV  
  67  5:58  Supply Depot  
  67  6:05  Viking  
  69  6:12  SCV, Supply Depot, Viking  
  69  6:16  Orbital Command  
  75  6:29  SCV x2  
  78  6:41  SCV x2  
  78  6:46  Barracks  
  75  6:52  SCV  
  75  6:53  SCV  
  76  6:55  Starport Reactor, Barracks  
  76  6:56  Stimpack, Factory Tech Lab  
  76  6:59  Engineering Bay  
  76  7:00  SCV, Orbital Command, Engineering Bay  
  77  7:02  Refinery  
  77  7:05  Marine  
  78  7:08  SCV  
  78  7:12  SCV  
  80  7:18  Siege Tank  
  83  7:23  Marine, Barracks x2  
  83  7:26  SCV x3  
  87  7:31  Terran Infantry Weapons Level 1, Terran Infantry Armor Level 1  
  87  7:35  Barracks Reactor  
  87  7:38  Supply Depot  
  87  7:40  Supply Depot  
  87  7:41  Marine, SCV, Supply Depot  
  87  7:42  SCV x2  
  87  7:43  Marine x3  
  94  7:46  Marine  
  94  7:48  Medivac  
  97  7:51  Medivac  
  97  7:53  SCV  
  97  7:56  SCV  
  101  7:59  SCV  
  102  8:07  SCV  
  102  8:08  SCV, Marine  
  102  8:09  Marine x4  
  102  8:10  Supply Depot  
  102  8:11  SCV, Barracks Reactor x2  
  110  8:17  Armory  
  110  8:18  Siege Tank  
  113  8:25  SCV x3  
  113  8:26  Marine  
  117  8:27  Marine  
  118  8:35  Combat Shield  
  118  8:46  Marine  
  118  8:47  Marine x6  
  118  8:48  Marine x2  
  127  8:50  Siege Tank  
  87  9:04  Marine  
  87  9:05  Marine  
  70  9:14  SCV x3  
  69  9:17  Marine x2  
  69  9:18  Marine x5  
  69  9:22  Marine  
  69  9:23  Marine  
  78  9:25  Medivac x2  
  78  9:26  Terran Infantry Armor Level 2, Terran Infantry Weapons Level 2, Siege Tank  
  78  9:27  SCV x3  
  88  9:35  Marine x3  
  91  9:39  SCV x3  
  91  9:45  Marine x6  
  100  9:53  Marine x3  
  100  9:54  SCV x2  
  100  9:55  SCV  
  100  9:57  Medivac  
  100  9:58  Siege Tank  
  111  10:01  Medivac  
  111  10:03  Marine x5  
  111  10:06  SCV, Marine  
  120  10:10  Marine  
  120  10:11  Marine x2  
  123  10:17  SCV  
  123  10:18  SCV x2  
  123  10:20  Marine  
  126  10:21  Marine x4  
  126  10:22  Supply Depot  
  126  10:23  Supply Depot  
  126  10:24  Marine  
  128  10:30  Siege Tank  
  105  10:38  Marine x4  
  105  10:39  Marine x3  
  112  10:48  Marine x2  
  114  10:55  Marine  
  114  10:56  Marine x3  
  114  10:57  Marine  
  118  11:02  Siege Tank  
  122  11:07  Marine  
  122  11:08  Marine x3, SCV  
  122  11:09  SCV  
  122  11:10  SCV, Factory  
  129  11:11  Refinery, Command Center  
  129  11:12  Refinery  
  129  11:13  Marine  
  129  11:14  Marine x2  
  132  11:24  SCV  
  132  11:25  SCV x2  
  135  11:27  Sensor Tower  
  135  11:29  Marine  
  135  11:30  Marine x5, Sensor Tower  
  135  11:31  Marine  
  135  11:32  Marine x2  
  143  11:34  Siege Tank  
  145  11:47  Marine  
  145  11:48  Marine x3  
  145  11:49  Marine x2  
  149  11:54  Factory  
  149  11:58  Factory Tech Lab  
  149  12:22  Marine x5  
  149  12:23  Siege Tank  
  157  12:30  SCV x2  
  157  12:31  SCV  
  160  12:42  SCV  
  159  12:58  Factory Tech Lab, Siege Tank  
  162  12:59  Missile Turret x2  
  162  13:00  SCV x2  
  164  13:07  Planetary Fortress  
  164  13:14  Barracks  
  164  13:17  Barracks  
  164  13:18  Supply Depot, Barracks  
  164  13:19  Supply Depot  
  164  13:26  Marine x7, SCV x3  
  164  13:28  Marine x2  
Tags
 
Add a new tag
Caveats
  • Supply blocks, unpowered buildings, or Contaminate may cause inaccurate times.
  • Supply counts are checked every 10 seconds.